 Dungeon Crawl Stone Soup version 0.28-a0-872-g80cf8599ee (webtiles) character file.

Game seed: 10688068619718616114

697 octoduck the Insei (level 7, -4/63 HPs)
             Began as a Black Draconian Transmuter on Nov 20, 2021.
             Was a Follower of Makhleb.
             Killed themself with a bounced orb of electricity (11 damage)
             ... on level 3 of the Dungeon.
             The game lasted 00:13:33 (5327 turns).

octoduck the Insei (Black Draconian Transmuter)     Turns: 5327, Time: 00:13:33

Health: -4/63      AC:  7    Str: 12    XL:     7   Next: 37%
Magic:  9/10       EV: 12    Int: 13    God:    Makhleb [*.....]
Gold:   90         SH:  0    Dex: 14    Spells: 7/10 levels left

rFire   . . .      SeeInvis .     - Unarmed
rCold   . . .      Faith    .   (no shield)
rNeg    . . .      Spirit   .   (armour unavailable)
rPois   .          Reflect  .   (helmet restricted)
rElec   +          Harm     .   (no cloak)
rCorr   .          Rampage  .   e - +0 pair of gloves
Will    .....                   (no boots)
Stlth   +.........              (no amulet)
HPRegen 0.20/turn               (no ring)
MPRegen 0.12/turn               (no ring)

@: wereblooded
A: breathe lightning, AC +6, unfitting armour, electricity resistance,
cold-blooded
a: Breathe Lightning, Renounce Religion


You were on level 3 of the Dungeon.
You worshipped Makhleb.
Makhleb was aware of your devotion.
You visited 1 branch of the dungeon, and saw 4 of its levels.

You collected 90 gold pieces.

Inventory:

Hand Weapons
 f - a +0 hunting sling
Missiles
 a - 111 stones
 h - 7 curare-tipped darts
Armour
 e - a +0 pair of gloves (worn)
Potions
 b - a potion of lignification
 c - 2 potions of attraction {unknown}
 d - a potion of curing {unknown}


   Skills:
 + Level 6.2 Fighting
 - Level 1.7 Dodging
 + Level 6.5 Unarmed Combat
 - Level 2.0 Spellcasting
 - Level 2.0 Transmutations


You had 7 spell levels left.
You knew the following spells:

 Your Spells              Type           Power      Damage    Failure   Level
a - Beastly Appendage     Tmut           12%        N/A       11%         1
b - Wereblood             Tmut           6%         N/A       17%         2

Your spell library contained the following spells:

 Spells                   Type           Power      Damage    Failure   Level
 Spider Form              Tmut/Pois      3%         N/A       45%         3
 Ignite Poison            Fire/Tmut/Pois 3%         N/A       52%         3
 Conjure Flame            Conj/Fire      1%         6-21      58%         3
 Gell's Gravitas          Tloc           1%         N/A       58%         3
 Teleport Other           Tloc           1%         N/A       58%         3
 Ice Form                 Ice/Tmut       3%         N/A       86%         4
 Sticky Flame             Conj/Fire      1%         2d3       94%         4
 Dispersal                Tloc           0%         N/A       100%        6


Dungeon Overview and Level Annotations

Branches:
Dungeon (4/15)
 Temple: D:4-7

Altars:
Ashenzari
Gozag
Makhleb

Annotations:
D:4 Dowan, Duvessa, Sigmund


Innate Abilities, Weirdness & Mutations

You can breathe wild blasts of lightning.
Your glossy black scales are hard. (AC +6)
You cannot fit into any form of body armour.
You are resistant to electric shocks. (rElec)
You are cold-blooded and may be slowed by cold attacks.


Message History

There is a stone staircase leading up here.
Casting: Beastly Appendage (safe; 11% risk of failure)
Confirm with . or Enter, or press ? or * to list all spells.
Your blood is infused with primal strength.
The gnoll hits you from afar with a +0 halberd.
The gnoll barely misses you.
The gnoll sergeant hits you with a +0 trident!
The gnoll hits you with a +0 halberd.
Items here: )))))))))) [[[[.
You hit the gnoll sergeant but do no damage.
The gnoll sergeant blocks your attack.
The gnoll sergeant hits you with a +0 trident!
The gnoll hits you with a +0 halberd. The gnoll closely misses you.
There is a stone staircase leading up, spattered with blood here.
Your horns disappear.
Your talons disappear.
The gnoll sergeant hits you with a +0 trident!
The gnoll barely misses you.
You climb upwards.
There is a stone staircase leading down here.
You hit the gnoll sergeant but do no damage.
The gnoll sergeant barely misses you. The gnoll sergeant blocks your attack.
The gnoll sergeant hits you but does no damage.
The gnoll sergeant blocks your attack.
The gnoll sergeant hits you with a +0 trident!
* * * LOW HITPOINT WARNING * * *
The gnoll sergeant barely misses you.
You breathe a wild blast of lightning!
You hear a mighty clap of thunder!
The bolt of lightning misses you.
The orb of electricity explodes!
The orb of electricity engulfs you! You resist.
* * * LOW HITPOINT WARNING * * *
The orb of electricity engulfs the gnoll sergeant!
The gnoll sergeant is heavily wounded.
The orb of electricity explodes!
The orb of electricity engulfs the gnoll sergeant!
The gnoll sergeant is almost dead.
The orb of electricity engulfs you! You resist.
You die...

#.#..........######
#.#.########.......
#.#.# #.#...##
#.#.## #.......
#....## #.......
#.....# #.......
#.g...# #.#...##
#>....# #.#...#
##@...# #.##.##
###..# #.##.# #..#
#.##.# # #|.#
#.##)### #..#
##.##.##.
#..#####...#)#..
#............<..
#......#...###..
######.##.## ##.


You could see a gnoll sergeant.

Vanquished Creatures
  A kobold brigand (D:3)
  A scorpion (D:4)
  5 wights (D:4)
  A hound (D:3)
  An orc priest (D:4)
  Natasha (thrice) (D:3)
  An orc wizard (D:4)
  A hound skeleton (D:4)
  Robin (D:4)
  8 adders
  3 worms (D:2)
  3 dart slugs
  4 orcs (D:4)
  6 endoplasms
  3 giant cockroaches
  11 goblins
  10 hobgoblins
  4 jackals (D:1)
  10 kobolds
  5 quokkas
  10 ball pythons
  6 bats
  5 frilled lizards
  6 rats
109 creatures vanquished.

Notes
Turn   | Place    | Note
-------+----------+-------------------------------------------
     0 | D:1      | octoduck the Draconian Transmuter began the quest for the
                  | Orb.
     0 | D:1      | Reached XP level 1. HP: 16/16 MP: 3/3
    85 | D:1      | Reached XP level 2. HP: 1/24 MP: 5/5
  1044 | D:1      | Learned a level 2 spell: Wereblood
  1072 | D:2      | Reached XP level 3. HP: 27/30 MP: 4/6
  1735 | D:2      | Reached XP level 4. HP: 38/38 MP: 5/7
  1776 | D:2      | Found an opulent altar of Gozag.
  1918 | D:2      | Found a faded altar of an unknown god.
  2026 | D:3      | Noticed a kobold brigand
  2380 | D:3      | Reached XP level 5. HP: 34/46 MP: 8/8
  2765 | D:3      | Found a broken altar of Ashenzari.
  2895 | D:3      | Found a burning altar of Makhleb.
  2929 | D:3      | Became a worshipper of Makhleb the Destroyer
  2967 | D:3      | Reached skill level 5 in Unarmed Combat
  3020 | D:3      | Noticed Natasha
  3029 | D:3      | Killed Natasha
  3381 | D:3      | Noticed Natasha
  3392 | D:3      | Killed Natasha
  3500 | D:3      | Noticed Natasha
  3589 | D:3      | Killed Natasha
  3590 | D:3      | Reached XP level 6. HP: 32/53 MP: 9/9
  3784 | D:4      | Noticed Duvessa
  3784 | D:4      | Noticed Dowan
  3809 | D:4      | Noticed Sigmund
  3875 | D:4      | Noticed Robin
  3906 | D:4      | Killed Robin
  3907 | D:4      | Reached skill level 5 in Fighting
  3908 | D:4      | HP: 3/84 [orc priest/divine providence (12)]
  3913 | D:4      | Reached * piety under Makhleb
  4485 | D:4      | Your scales start taking on a glossy black colour.
  4485 | D:4      | Reached XP level 7. HP: 9/59 MP: 8/10
  4485 | D:4      | Gained mutation: You are resistant to electric shocks.
                  | (rElec) [Black Draconian growth]
  5327 | D:3      | Killed themself with a bounced orb of electricity

Illustrated notes

Levels and vault maps discovered:
D:1:      saegor_arrival_simple_b, layout_rooms
D:2:      layout_basic, basic_altar, hellmonk_ecumenical_altar_crossroads
D:3:      cheibrodos_thug_alley, layout_loops_ring, nicolae_ashenzari_skybound,
          bloody_makhleb, uniq_natasha
D:4:      layout_loops_cross, mainiacjoe_overflow_24_doors,
          okawaru_altar_gauntlet_db, jmf_multi_god_temple,
          minmay_temple_entry_ruins, uniq_ijyb, uniq_sigmund, uniq_duvessa,
          uniq_robin

Skill      XL: |  1  2  3  4  5  6  7 |
---------------+----------------------+-----
Fighting       | 2 3 4 5 6 |  6.2
Unarmed Combat | 4 5 6 |  6.5
Dodging        | |  1.7
Spellcasting   | |  2.0
Transmutations | |  2.0

Action                   |  1- 3 |  4- 6 |  7- 9 || total
-------------------------+-------+-------+-------++-------
Melee: Unarmed           |   128 |   197 |    36 ||   361
       Tailslap          |    19 |    15 |     5 ||    39
       Kick              |    12 |    35 |     1 ||    48
       Headbutt          |    11 |    16 |     5 ||    32
       Punch             |     2 |     2 |       ||     4
Throw: Stone             |     1 |       |       ||     1
       Dart              |       |     1 |       ||     1
 Cast: Beastly Appendage |    16 |    32 |     3 ||    51
       Wereblood         |       |     5 |     1 ||     6
 Abil: Breathe Lightning |       |       |     1 ||     1
  Use: Scroll            |     5 |     5 |       ||    10
       Potion            |       |     2 |       ||     2
 Stab: Sleeping          |     1 |       |       ||     1
Armor: Skin              |    30 |    61 |    14 ||   105
Dodge: Dodged            |    67 |   103 |    34 ||   204

Table legend: (Time is in decaauts)
 A = Elapsed time spent in this place.
 B = Non-inter-level travel time spent in this place.
 C = Inter-level travel time spent in this place.
 D = Time resting spent in this place.
 E = Time spent auto-exploring this place.
 F = Levels seen in this place.
 G = Mean time per level.
                   A        B        C        D        E       F      G
               +--------+--------+--------+--------+--------+-----+--------+
         Total |   5324 |   4872 |    452 |   2055 |   1352 |   4 | 1331.0 |
       Dungeon |   5324 |   4872 |    452 |   2055 |   1352 |   4 | 1331.0 |
               +--------+--------+--------+--------+--------+-----+--------+

Top non-repeatable levels by time:
     D:3: 2170 daAuts
     D:2: 1147 daAuts
     D:1: 1040 daAuts
     D:4: 966 daAuts
